General information
- name: BNet
- type: Ladder team game (AT/RT)
- host: Battle.net
- saver: NotAlIOrcs
map: MarketSquare
- players: 8
- length: 94:00
- speed: Fast
- version: 1.27 W3XP
- replay type: Public
» download(524 KB)
Players
team 1 (loser)

»
Indra[MN] (
teal | 35 APM | 2720 actions | 76:49)
7 Mountain King
3 Storm Bolt
3 Bash
1 Avatar
2 Paladin
1 Holy Light
1 Divine Shield
» actions
| Assign group hotkey | 23 | |
| Basic commands | 113 | |
| Build / train | 72 | |
| Enter build submenu | 26 | |
| Enter hero's abilities submenu | 9 | |
| Right click | 1675 | |
| Select / deselect | 455 | |
| Select group hotkey | 233 | |
| Use ability | 114 | |
2720 total
» units
| Peasant | 23 | |
| Footman | 5 | |
| Gryphon Rider | 11 | |
39 total
» upgrades
| Defend | 1 | |
| Masonry | 2 | |
| Lumber Harvesting | 2 | |
| Storm Hammers | 1 | |
| Swords | 1 | |
| Armor | 1 | |
8 total
» buildings
| Altar of Kings | 2 | |
| Farm | 15 | |
| Barracks | 1 | |
| Scout Tower | 10 | |
| Arcane Tower | 1 | |
| Arcane Vault | 1 | |
| Lumber Mill | 1 | |
| Keep | 1 | |
| Blacksmith | 1 | |
| Gryphon Aviary | 2 | |
| Castle | 1 | |
| Guard Tower | 3 | |
| Town Hall | 2 | |
41 total
» build order
00:13 Altar of Kings
00:19 Farm
00:32 Barracks
00:55 Scout Tower
01:24 Arcane Tower
01:28 Farm
02:05 Farm
02:41 Arcane Vault
02:47 Farm
03:31 Lumber Mill
03:50 Farm
04:12 Keep
04:38 Blacksmith
05:59 Farm
06:00 Farm
06:02 Farm
06:03 Farm
06:03 Farm
06:06 Farm
06:07 Farm
06:40 Gryphon Aviary
06:44 Gryphon Aviary
07:03 Scout Tower
07:05 Scout Tower
07:22 Castle
08:31 Guard Tower
08:34 Scout Tower
08:36 Scout Tower
11:36 Altar of Kings
12:40 Farm
13:54 Town Hall
14:15 Farm
14:17 Farm
15:46 Scout Tower
15:47 Scout Tower
15:49 Scout Tower
17:40 Guard Tower
17:43 Scout Tower
17:44 Scout Tower
18:14 Guard Tower
29:07 Town Hall
» items
| Scroll of Regeneration | 3 | |
| Lesser Clarity Potion | 1 | |
| Orb of Fire | 1 | |
| Potion of Healing | 1 | |
| Scroll of Town Portal | 1 | |
| Potion of Lesser Invulnerability | 1 | |
8 total
NotAlIOrcs (
pink | 69 APM | 6480 actions | 94:00)
10 Blademaster
3 Wind Walk
3 Critical Strike
1 Bladestorm
3 Mirror Image
» actions
| Assign group hotkey | 102 | |
| Basic commands | 34 | |
| Build / train | 156 | |
| ESC pressed | 7 | |
| Enter build submenu | 72 | |
| Enter hero's abilities submenu | 10 | |
| Give item / drop item | 3 | |
| Remove unit from queue | 1 | |
| Right click | 3072 | |
| Select / deselect | 546 | |
| Select group hotkey | 1705 | |
| Use ability | 772 | |
6480 total
» units
| Peon | 23 | |
| Grunt | 12 | |
| Wind Rider | 10 | |
| Troll Batrider | 19 | |
64 total
» upgrades
| Armor | 3 | |
| Ranged Weapons | 3 | |
| Berserker Strength | 1 | |
| Reinforced Defenses | 1 | |
| Envenomed Spears | 1 | |
| Spiked Barricades | 3 | |
| Troll Regeneration | 1 | |
| Liquid Fire | 1 | |
| Melee Weapons | 3 | |
| Burning Oil | 1 | |
| Pillage | 1 | |
| Ensnare | 1 | |
| War Drums Damage Increase | 1 | |
| Berserker Upgrade | 1 | |
22 total
» buildings
| Orc Burrow | 9 | |
| Altar of Storms | 1 | |
| Barracks | 1 | |
| Voodoo Lounge | 1 | |
| War Mill | 1 | |
| Stronghold | 2 | |
| Great Hall | 6 | |
| Watch Tower | 37 | |
| Fortress | 2 | |
| Beastiary | 4 | |
64 total
» build order
00:12 Orc Burrow
01:15 Altar of Storms
01:16 Barracks
01:20 Orc Burrow
01:39 Voodoo Lounge
02:27 War Mill
03:12 Orc Burrow
04:38 Stronghold
06:03 Great Hall
06:32 Watch Tower
06:33 Watch Tower
06:35 Watch Tower
06:36 Watch Tower
07:04 Fortress
07:05 Fortress
08:30 Watch Tower
08:33 Orc Burrow
08:39 Watch Tower
08:45 Watch Tower
08:46 Watch Tower
09:23 Watch Tower
09:24 Watch Tower
09:28 Watch Tower
09:52 Watch Tower
09:55 Watch Tower
10:32 Beastiary
13:00 Beastiary
13:05 Beastiary
16:00 Watch Tower
16:02 Watch Tower
16:03 Watch Tower
16:04 Watch Tower
17:32 Orc Burrow
17:41 Watch Tower
17:42 Watch Tower
17:46 Watch Tower
17:47 Watch Tower
21:19 Great Hall
21:23 Watch Tower
21:25 Watch Tower
21:26 Watch Tower
21:27 Watch Tower
25:46 Great Hall
25:48 Watch Tower
26:51 Watch Tower
28:23 Watch Tower
31:04 Beastiary
31:06 Orc Burrow
31:28 Orc Burrow
31:30 Orc Burrow
31:32 Orc Burrow
34:00 Great Hall
34:04 Great Hall
34:07 Great Hall
37:01 Watch Tower
37:02 Watch Tower
37:04 Watch Tower
37:06 Watch Tower
37:35 Watch Tower
37:40 Watch Tower
40:55 Watch Tower
40:57 Watch Tower
40:58 Watch Tower
» items
| Healing Salve | 5 | |
| Lesser Clarity Potion | 7 | |
| Scroll of Regeneration | 2 | |
| Scroll of Town Portal | 4 | |
| Orb of Lightning | 1 | |
| Periapt of Vitality | 1 | |
20 total
Apocalypse(SoD) (
red | 23 APM | 2146 actions | 94:00)
9 Death Knight
3 Death Coil
3 Unholy Aura
1 Animate Dead
2 Death Pact
» actions
| Assign group hotkey | 20 | |
| Basic commands | 95 | |
| Build / train | 79 | |
| ESC pressed | 1 | |
| Enter build submenu | 35 | |
| Enter hero's abilities submenu | 9 | |
| Remove unit from queue | 8 | |
| Right click | 1029 | |
| Select / deselect | 476 | |
| Select group hotkey | 319 | |
| Use ability | 75 | |
2146 total
» units
| Acolyte | 22 | |
| Ghoul | 5 | |
| Crypt Fiend | 11 | |
| Obsidian Statue | 6 | |
44 total
» upgrades
| Creature Carapace | 2 | |
| Creature Attack | 2 | |
| Web | 1 | |
| Destroyer Form | 1 | |
6 total
» buildings
| Altar of Darkness | 3 | |
| Ziggurat | 16 | |
| Crypt | 2 | |
| Graveyard | 2 | |
| Tomb of Relics | 1 | |
| Halls of the Dead | 1 | |
| Black Citadel | 1 | |
| Slaughterhouse | 1 | |
| Sacrificial Pit | 1 | |
| Spirit Tower | 4 | |
| Necropolis | 1 | |
33 total
» build order
00:19 Altar of Darkness
00:24 Ziggurat
00:43 Crypt
01:08 Crypt
01:26 Graveyard
01:47 Ziggurat
02:31 Tomb of Relics
04:38 Halls of the Dead
04:44 Ziggurat
05:16 Ziggurat
06:59 Black Citadel
07:05 Slaughterhouse
08:58 Sacrificial Pit
09:06 Ziggurat
12:00 Ziggurat
12:02 Ziggurat
12:04 Ziggurat
12:05 Ziggurat
12:57 Spirit Tower
13:00 Spirit Tower
13:11 Spirit Tower
17:02 Ziggurat
17:36 Ziggurat
27:48 Necropolis
40:30 Spirit Tower
40:48 Ziggurat
40:53 Altar of Darkness
45:34 Ziggurat
46:04 Graveyard
47:12 Ziggurat
66:00 Ziggurat
66:03 Ziggurat
66:07 Altar of Darkness
» items
| Scroll of Town Portal | 4 | |
| Staff of Teleportation | 1 | |
| Orb of Lightning | 1 | |
| Healing Salve | 1 | |
7 total
TC)Turtle (
orange | 35 APM | 3326 actions | 94:00)
9 Paladin
3 Holy Light
3 Divine Shield
1 Resurrection
2 Devotion Aura
» actions
| Assign group hotkey | 58 | |
| Basic commands | 52 | |
| Build / train | 142 | |
| ESC pressed | 11 | |
| Enter build submenu | 49 | |
| Enter hero's abilities submenu | 9 | |
| Remove unit from queue | 5 | |
| Right click | 1764 | |
| Select / deselect | 698 | |
| Select group hotkey | 422 | |
| Use ability | 116 | |
3326 total
» units
| Peasant | 32 | |
| Footman | 7 | |
| Rifleman | 25 | |
| Sorceress | 12 | |
| Priest | 6 | |
| Spell Breaker | 7 | |
| Mortar Team | 2 | |
| Siege Engine | 4 | |
95 total
» upgrades
| Swords | 1 | |
| Plating | 2 | |
| Gunpowder | 3 | |
| Long Rifles | 1 | |
| Armor | 2 | |
| Fragmentation Shards | 1 | |
| Barrage | 2 | |
| Masonry | 1 | |
13 total
» buildings
| Altar of Kings | 4 | |
| Barracks | 1 | |
| Farm | 11 | |
| Scout Tower | 15 | |
| Arcane Tower | 3 | |
| Lumber Mill | 3 | |
| Keep | 3 | |
| Arcane Vault | 1 | |
| Guard Tower | 8 | |
| Blacksmith | 2 | |
| Castle | 1 | |
| Arcane Sanctum | 1 | |
| Workshop | 5 | |
| Town Hall | 7 | |
65 total
» build order
00:08 Altar of Kings
00:20 Barracks
00:24 Farm
01:06 Farm
02:15 Scout Tower
02:35 Farm
02:52 Arcane Tower
02:58 Lumber Mill
03:47 Scout Tower
04:07 Keep
04:13 Arcane Vault
04:25 Farm
04:27 Guard Tower
05:20 Blacksmith
05:25 Farm
05:47 Scout Tower
06:32 Farm
06:34 Castle
06:56 Arcane Tower
07:05 Arcane Sanctum
08:29 Farm
08:31 Scout Tower
09:46 Farm
10:01 Guard Tower
24:11 Farm
24:13 Farm
25:02 Farm
30:18 Workshop
31:56 Workshop
33:29 Town Hall
37:40 Town Hall
40:03 Town Hall
41:52 Workshop
43:02 Workshop
47:09 Town Hall
53:25 Town Hall
58:03 Keep
62:25 Lumber Mill
66:45 Altar of Kings
68:15 Town Hall
69:34 Altar of Kings
70:18 Keep
71:10 Blacksmith
71:40 Scout Tower
71:42 Scout Tower
71:45 Scout Tower
71:45 Scout Tower
71:46 Scout Tower
71:47 Scout Tower
71:54 Lumber Mill
72:23 Arcane Tower
73:17 Guard Tower
73:29 Workshop
73:37 Guard Tower
74:33 Scout Tower
74:33 Scout Tower
75:16 Guard Tower
75:32 Scout Tower
75:35 Scout Tower
75:39 Guard Tower
76:20 Guard Tower
76:42 Town Hall
76:52 Guard Tower
77:11 Scout Tower
77:21 Altar of Kings
» items
| Lesser Clarity Potion | 2 | |
| Scroll of Town Portal | 1 | |
| Orb of Lightning | 1 | |
4 total
team 2 (winner)
norgebe91 (
yellow | 50 APM | 1797 actions | 36:12)
8 Paladin
2 Holy Light
3 Devotion Aura
1 Resurrection
2 Divine Shield
» actions
| Assign group hotkey | 34 | |
| Build / train | 74 | |
| ESC pressed | 5 | |
| Enter build submenu | 24 | |
| Enter hero's abilities submenu | 9 | |
| Right click | 1049 | |
| Select / deselect | 238 | |
| Select group hotkey | 304 | |
| Use ability | 60 | |
1797 total
» units
| Peasant | 11 | |
| Rifleman | 11 | |
| Mortar Team | 8 | |
| Siege Engine | 6 | |
| Flying Machine | 4 | |
40 total
» upgrades
| Armor | 2 | |
| Fragmentation Shards | 1 | |
| Barrage | 1 | |
| Gunpowder | 1 | |
| Flying Machine Bombs | 1 | |
6 total
» buildings
| Farm | 11 | |
| Scout Tower | 4 | |
| Altar of Kings | 1 | |
| Lumber Mill | 1 | |
| Blacksmith | 1 | |
| Guard Tower | 2 | |
| Barracks | 1 | |
| Keep | 1 | |
| Castle | 1 | |
| Workshop | 2 | |
| Arcane Vault | 1 | |
| Town Hall | 1 | |
27 total
» build order
00:45 Farm
01:06 Farm
01:28 Scout Tower
01:38 Altar of Kings
01:52 Lumber Mill
02:06 Farm
02:12 Blacksmith
02:47 Farm
02:51 Farm
02:53 Guard Tower
03:21 Barracks
03:31 Scout Tower
03:58 Farm
04:58 Scout Tower
05:43 Farm
05:50 Keep
08:11 Scout Tower
08:40 Castle
09:07 Farm
10:11 Farm
10:22 Workshop
10:28 Workshop
11:27 Arcane Vault
12:06 Guard Tower
20:57 Farm
21:07 Farm
33:12 Town Hall
» items
| Scroll of Town Portal | 4 | |
| Orb of Fire | 2 | |
| Ivory Tower | 3 | |
| Potion of Healing | 3 | |
| Scroll of Regeneration | 3 | |
15 total
DON-BON-WONG (
green | 69 APM | 6485 actions | 94:00)
10 Blademaster
3 Critical Strike
3 Wind Walk
1 Bladestorm
3 Mirror Image
7 Shadow Hunter
3 Hex
3 Healing Wave
1 Big Bad Voodoo
» actions
| Assign group hotkey | 63 | |
| Basic commands | 15 | |
| Build / train | 101 | |
| Enter build submenu | 33 | |
| Enter hero's abilities submenu | 17 | |
| Give item / drop item | 4 | |
| Remove unit from queue | 1 | |
| Right click | 3540 | |
| Select / deselect | 541 | |
| Select group hotkey | 1784 | |
| Use ability | 386 | |
6485 total
» units
| Peon | 22 | |
| Grunt | 4 | |
| Wind Rider | 14 | |
| Raider | 6 | |
| Troll Headhunter/Berserker | 2 | |
48 total
» upgrades
| Reinforced Defenses | 1 | |
| Envenomed Spears | 1 | |
| Ranged Weapons | 2 | |
| Armor | 2 | |
| Ensnare | 1 | |
| Liquid Fire | 1 | |
| Melee Weapons | 1 | |
| Pillage | 1 | |
10 total
» buildings
| Altar of Storms | 1 | |
| Orc Burrow | 6 | |
| Barracks | 1 | |
| Voodoo Lounge | 1 | |
| Stronghold | 1 | |
| War Mill | 1 | |
| Great Hall | 5 | |
| Beastiary | 3 | |
| Fortress | 1 | |
| Watch Tower | 46 | |
66 total
» build order
00:07 Altar of Storms
00:21 Orc Burrow
00:37 Barracks
01:27 Orc Burrow
02:33 Voodoo Lounge
02:55 Stronghold
03:43 War Mill
04:57 Great Hall
05:17 Beastiary
05:22 Orc Burrow
05:38 Beastiary
05:59 Orc Burrow
07:13 Fortress
07:37 Watch Tower
08:01 Watch Tower
08:02 Watch Tower
08:47 Watch Tower
08:51 Watch Tower
09:30 Great Hall
11:07 Beastiary
12:13 Watch Tower
12:13 Watch Tower
12:53 Orc Burrow
13:47 Watch Tower
13:48 Watch Tower
13:49 Watch Tower
14:24 Watch Tower
14:24 Watch Tower
14:24 Watch Tower
16:44 Watch Tower
16:45 Watch Tower
16:45 Watch Tower
16:45 Watch Tower
16:46 Watch Tower
17:21 Watch Tower
17:22 Watch Tower
17:22 Watch Tower
17:22 Watch Tower
17:23 Watch Tower
17:23 Watch Tower
17:24 Watch Tower
17:24 Watch Tower
19:46 Orc Burrow
23:36 Watch Tower
23:36 Watch Tower
23:36 Watch Tower
24:52 Watch Tower
24:52 Watch Tower
26:13 Watch Tower
26:13 Watch Tower
26:13 Watch Tower
26:15 Watch Tower
26:15 Watch Tower
28:29 Watch Tower
28:29 Watch Tower
28:30 Watch Tower
28:31 Watch Tower
28:31 Watch Tower
28:31 Watch Tower
41:01 Great Hall
49:41 Great Hall
49:46 Great Hall
51:15 Watch Tower
51:16 Watch Tower
51:16 Watch Tower
51:16 Watch Tower
» items
| Healing Salve | 3 | |
| Tiny Great Hall | 1 | |
| Scroll of Town Portal | 8 | |
| Orb of Lightning | 3 | |
| Lesser Clarity Potion | 1 | |
| Staff of Teleportation | 2 | |
| Potion of Lesser Invulnerability | 1 | |
| Potion of Healing | 1 | |
| Scroll of Healing | 1 | |
21 total
WELCOMEToJAMROC (
purple | 19 APM | 1779 actions | 92:38)
5 Death Knight
3 Death Coil
2 Unholy Aura
4 Lich
2 Frost Nova
2 Dark Ritual
» actions
| Assign group hotkey | 36 | |
| Basic commands | 125 | |
| Build / train | 57 | |
| Enter build submenu | 15 | |
| Enter hero's abilities submenu | 9 | |
| Give item / drop item | 1 | |
| Remove unit from queue | 2 | |
| Right click | 351 | |
| Select / deselect | 318 | |
| Select group hotkey | 803 | |
| Use ability | 62 | |
1779 total
» units
| Acolyte | 11 | |
| Ghoul | 3 | |
| Crypt Fiend | 9 | |
| Obsidian Statue | 6 | |
| Abomination | 1 | |
30 total
» upgrades
| Creature Attack | 2 | |
| Creature Carapace | 2 | |
| Web | 1 | |
| Destroyer Form | 1 | |
6 total
» buildings
| Altar of Darkness | 1 | |
| Ziggurat | 7 | |
| Crypt | 1 | |
| Graveyard | 1 | |
| Nerubian Tower | 1 | |
| Tomb of Relics | 1 | |
| Halls of the Dead | 1 | |
| Spirit Tower | 2 | |
| Slaughterhouse | 2 | |
| Black Citadel | 1 | |
| Necropolis | 1 | |
19 total
» build order
00:08 Altar of Darkness
00:12 Ziggurat
00:36 Crypt
01:02 Graveyard
01:12 Nerubian Tower
01:25 Tomb of Relics
01:54 Ziggurat
03:57 Halls of the Dead
04:32 Ziggurat
05:35 Spirit Tower
06:53 Ziggurat
08:44 Ziggurat
08:47 Slaughterhouse
08:50 Slaughterhouse
10:02 Black Citadel
12:15 Ziggurat
14:09 Ziggurat
18:33 Spirit Tower
20:57 Necropolis
» items
| Rod of Necromancy | 1 | |
| Scroll of Town Portal | 1 | |
| Dust of Appearance | 1 | |
3 total

»
spyfly123 (
blue | 81 APM | 7625 actions | 94:00)
6 Far Seer
3 Feral Spirit
2 Chain Lighting
1 Earth Quake
6 Shadow Hunter
3 Healing Wave
2 Hex
1 Big Bad Voodoo
» actions
| Assign group hotkey | 57 | |
| Basic commands | 199 | |
| Build / train | 94 | |
| ESC pressed | 24 | |
| Enter build submenu | 54 | |
| Enter hero's abilities submenu | 12 | |
| Give item / drop item | 2 | |
| Remove unit from queue | 3 | |
| Right click | 4770 | |
| Select / deselect | 966 | |
| Select group hotkey | 1233 | |
| Use ability | 208 | |
7625 total
» units
» upgrades
| Melee Weapons | 3 | |
| Armor | 2 | |
| Pulverize | 1 | |
6 total
» buildings
| Barracks | 1 | |
| Orc Burrow | 13 | |
| Altar of Storms | 6 | |
| Voodoo Lounge | 1 | |
| Stronghold | 1 | |
| War Mill | 2 | |
| Fortress | 1 | |
| Tauren Totem | 2 | |
| Scout Tower | 13 | |
| Guard Tower | 6 | |
| Arcane Tower | 1 | |
| Town Hall | 1 | |
| Watch Tower | 14 | |
62 total
» build order
00:16 Barracks
00:21 Orc Burrow
00:49 Altar of Storms
01:39 Orc Burrow
02:12 Voodoo Lounge
03:09 Stronghold
03:16 War Mill
03:48 Orc Burrow
05:00 Orc Burrow
05:02 Orc Burrow
05:42 Fortress
06:34 Orc Burrow
08:27 Tauren Totem
08:28 Tauren Totem
08:50 Orc Burrow
08:53 Orc Burrow
37:29 Scout Tower
37:31 Scout Tower
38:00 Scout Tower
38:03 Scout Tower
38:04 Guard Tower
38:25 Scout Tower
38:28 Guard Tower
38:30 Guard Tower
38:34 Scout Tower
40:08 Guard Tower
40:17 Scout Tower
40:18 Scout Tower
40:24 Scout Tower
40:45 Guard Tower
40:48 Scout Tower
40:53 Guard Tower
41:46 Scout Tower
41:47 Scout Tower
41:48 Scout Tower
42:32 Arcane Tower
44:51 Town Hall
54:10 Altar of Storms
54:12 Altar of Storms
56:30 Altar of Storms
57:48 Watch Tower
57:50 Watch Tower
57:57 Watch Tower
58:12 Watch Tower
61:13 Orc Burrow
64:05 Altar of Storms
64:45 Watch Tower
64:47 Watch Tower
64:48 Watch Tower
64:49 Watch Tower
64:51 Watch Tower
65:21 Orc Burrow
65:24 Orc Burrow
67:13 Watch Tower
67:25 Watch Tower
67:29 Watch Tower
72:13 Watch Tower
72:19 Watch Tower
75:29 Altar of Storms
75:37 War Mill
77:11 Orc Burrow
79:11 Orc Burrow
» items
| Lesser Clarity Potion | 4 | |
| Healing Salve | 3 | |
| Orb of Lightning | 1 | |
| Scroll of Town Portal | 4 | |
| Tiny Great Hall | 1 | |
13 total
Chat log
(00:22 / Allies) Indra[MN]: hello
(00:30 / Allies) NotAlIOrcs: sup
(00:30 / Allies) TC)Turtle: 3 games inna row this map
(00:32 / Allies) TC)Turtle: rEEEEE
(00:40 / Allies) Indra[MN]: bad ass map haha
(00:44 / Allies) Indra[MN]: foots to griffs here
(00:45 / Allies) NotAlIOrcs: this is the best map
(00:55 / Allies) NotAlIOrcs: why would you REEE to this map
(00:59 / Allies) Indra[MN]: yea its bad ass
(01:00 / Allies) Apocalypse(SoD): hate this map
(01:02 / Allies) TC)Turtle: im not goo at it
(05:55 / Allies) TC)Turtle: omw teal
(06:34 / Allies) Indra[MN]: next
(06:35 / Allies) TC)Turtle: k
(06:39 / Allies) TC)Turtle: urs
(06:47 / Allies) TC)Turtle: take so you can chase with bolt
(06:47 / Allies) Indra[MN]: ty
(06:50 / Allies) TC)Turtle: yw
(08:00 / Allies) TC)Turtle: cj
(08:01 / Allies) TC)Turtle: cj
(08:03 / Allies) NotAlIOrcs: fuck
(08:05 / Allies) NotAlIOrcs: one sec too late
(08:08 / Allies) Indra[MN]: b
(08:17 / All) WELCOMEToJAMROC: gg
(08:19 / Allies) TC)Turtle: shit
(08:23 / Allies) Indra[MN]: we good we good
(08:44 / Allies) Indra[MN]: spare lumber?
(08:52 / Allies) Indra[MN]: ty
(09:04 / Allies) Indra[MN]: need aa
(09:06 / Allies) Indra[MN]: anyone got?
(09:08 / Allies) Indra[MN]: red
(09:09 / Allies) TC)Turtle: check their expos
(09:15 / Allies) Apocalypse(SoD): theyre checking
(09:16 / Allies) Apocalypse(SoD): ours
(09:23 / Allies) Indra[MN]: need aa
(09:28 / Allies) Apocalypse(SoD): need more units
(09:30 / Allies) Apocalypse(SoD): period
(09:33 / Allies) Indra[MN]: lol
(09:36 / Allies) Indra[MN]: griffs pumping soon
(09:36 / Allies) TC)Turtle: ill rifle caster
(09:41 / Allies) Apocalypse(SoD): b
(09:43 / Allies) Apocalypse(SoD): pink
(09:45 / Allies) Apocalypse(SoD): nice feed brah
(09:52 / Allies) Indra[MN]: wtf
(10:05 / Allies) NotAlIOrcs: lawl
(10:08 / Allies) NotAlIOrcs: forgot about those
(10:17 / Allies) Apocalypse(SoD): its gg.
(10:20 / Allies) NotAlIOrcs: I thought I sent them to my base
(10:21 / Allies) Apocalypse(SoD): we got nothing
(10:26 / Allies) NotAlIOrcs: it's not over yet
(10:28 / Allies) Indra[MN]: will need help
(10:52 / Allies) Apocalypse(SoD): tping
(11:33 / Allies) NotAlIOrcs: nice
(11:40 / Allies) TC)Turtle: bm is here
(11:40 / Allies) Indra[MN]: expos gogo
(11:59 / Allies) NotAlIOrcs: let's hit a main
(12:02 / Allies) TC)Turtle: yup
(12:23 / Allies) Apocalypse(SoD): i say we stack
(12:24 / Allies) Apocalypse(SoD): units
(12:26 / Allies) Apocalypse(SoD): and guard
(12:27 / Allies) Apocalypse(SoD): expos
(13:17 / Allies) Apocalypse(SoD): some one tp
(13:27 / Allies) Apocalypse(SoD): help
(13:36 / Allies) Indra[MN]: all tp
(13:36 / Allies) Indra[MN]: gogog
(13:58 / Allies) Apocalypse(SoD): gold plz
(14:16 / Allies) NotAlIOrcs: wood me if you can
(14:23 / Allies) NotAlIOrcs: ty
(14:28 / Allies) NotAlIOrcs: nice
(14:41 / Allies) TC)Turtle: ???
(14:42 / All) DON-BON-WONG: FIGHT FAGGOTS WOW
(15:32 / Allies) Indra[MN]: b
(15:42 / Allies) NotAlIOrcs: b
(15:51 / Allies) Indra[MN]: we good
(15:54 / Allies) NotAlIOrcs: we got this
(15:59 / Allies) TC)Turtle: yup
(16:01 / Allies) Apocalypse(SoD): fuckin morts
(16:02 / Allies) Apocalypse(SoD): damnit
(16:05 / Allies) TC)Turtle: kek
(16:07 / Allies) Apocalypse(SoD): we need to kill those
(16:08 / Allies) TC)Turtle: they got all my shit
(16:22 / Allies) Indra[MN]: leave expo
(16:26 / Allies) TC)Turtle: pink gold pls
(16:46 / Allies) TC)Turtle: ty
(17:09 / Allies) TC)Turtle: i got nothing
(17:18 / Allies) Indra[MN]: np mass up
(17:19 / Allies) Apocalypse(SoD): gonna have to let them go
(17:21 / Allies) Apocalypse(SoD): for now
(17:43 / Allies) TC)Turtle: pink bm and wyv harass
(17:44 / Allies) TC)Turtle: ??
(17:49 / Allies) NotAlIOrcs: yeah
(18:50 / Allies) Indra[MN]: cool
(18:51 / Allies) NotAlIOrcs: wow
(18:53 / Allies) NotAlIOrcs: got his mine
(19:00 / Allies) Apocalypse(SoD): check
(19:01 / Allies) Apocalypse(SoD): pink
(19:08 / Allies) Apocalypse(SoD): or try for his main
(19:11 / Allies) Indra[MN]: hit them in choke
(19:14 / Allies) TC)Turtle: k
(19:18 / Allies) Indra[MN]: gogogog
(19:19 / Allies) TC)Turtle: b?
(19:28 / Allies) Indra[MN]: nice
(20:23 / Allies) Indra[MN]: b
(20:24 / Allies) Indra[MN]: fuck
(20:29 / Allies) NotAlIOrcs: got purp's whole base wow
(20:31 / Allies) Indra[MN]: need more melee
(20:37 / Allies) Indra[MN]: spare gold?
(21:03 / Allies) Apocalypse(SoD): nice
(21:04 / Allies) Apocalypse(SoD): pink
(21:08 / Allies) TC)Turtle: gj pink
(21:10 / Allies) NotAlIOrcs: ty
(21:19 / Allies) TC)Turtle: i got a few of blues taurens if anyone cares
(21:21 / Allies) TC)Turtle: dat ff
(21:36 / Allies) NotAlIOrcs: tping in a sec
(21:39 / Allies) Indra[MN]: kk
(21:44 / Allies) TC)Turtle: same
(21:47 / Allies) NotAlIOrcs: got his last acos I think
(21:55 / All) WELCOMEToJAMROC: morons cant read pings lol
(22:01 / Allies) NotAlIOrcs: tping to orange
(22:12 / Allies) TC)Turtle: lich
(22:23 / All) WELCOMEToJAMROC: no micro
(22:25 / All) WELCOMEToJAMROC: gg
(22:28 / All) DON-BON-WONG: its not over
(22:32 / All) WELCOMEToJAMROC: wtf yellow
(22:33 / All) DON-BON-WONG: its not over
(22:34 / All) WELCOMEToJAMROC: play
(22:34 / All) DON-BON-WONG: idiot
(22:36 / All) WELCOMEToJAMROC: noob
(22:37 / All) NotAlIOrcs: Purp you are a scrub
(22:46 / All) WELCOMEToJAMROC: fucking noobs dude
(22:49 / All) NotAlIOrcs: scrub noob purp lol
(22:52 / All) NotAlIOrcs: I played you before
(22:58 / All) NotAlIOrcs: you suck big time
(22:59 / All) WELCOMEToJAMROC: ur talking shit about me watch the replay noob
(23:07 / All) WELCOMEToJAMROC: i told u twice what to do and u fucking thought u could end it
(23:09 / All) NotAlIOrcs: you lost your whole base for free noob
(23:11 / Allies) Apocalypse(SoD): omg
(23:17 / All) WELCOMEToJAMROC: help we need aa
(23:21 / All) WELCOMEToJAMROC: i said web stay together
(23:22 / Allies) TC)Turtle: gj teal
(23:23 / Allies) Apocalypse(SoD): comg
(23:24 / Allies) Indra[MN]: ty
(23:26 / All) NotAlIOrcs: whiny noob lol
(23:26 / All) WELCOMEToJAMROC: u run around solo like yellow
(23:28 / All) WELCOMEToJAMROC: now ur dead
(23:29 / All) NotAlIOrcs: noobie purple
(23:35 / Allies) TC)Turtle: counter
(23:41 / Allies) Apocalypse(SoD): tanks rolling
(23:44 / Allies) TC)Turtle: k
(23:45 / Allies) NotAlIOrcs: shit
(23:55 / Allies) Indra[MN]: let oj take tanks
(24:03 / All) NotAlIOrcs: norge? är du norsk
(24:15 / All) norgebe91: nah
(24:23 / All) norgebe91: im not norwegian
(24:25 / Allies) Indra[MN]: omw
(24:31 / All) NotAlIOrcs: why the name then
(24:35 / Allies) TC)Turtle: lmao
(24:40 / Allies) Apocalypse(SoD): oj has
(24:42 / Allies) Apocalypse(SoD): we need to hit
(24:42 / Allies) NotAlIOrcs: LOL
(24:43 / Allies) NotAlIOrcs: nice
(24:45 / Allies) Indra[MN]: lets hit
(25:07 / Allies) Apocalypse(SoD): dont chase too much
(25:09 / Allies) Apocalypse(SoD): we need to attk
(25:11 / Allies) Indra[MN]: kk
(25:21 / Allies) Apocalypse(SoD): blue
(25:43 / All) DON-BON-WONG: tp blue
(25:47 / Allies) Indra[MN]: lol
(25:49 / All) TC)Turtle: Yeah blue tp
(25:54 / All) NotAlIOrcs: wow
(25:55 / All) DON-BON-WONG: LOL BLUE DONT BLAM EME
(25:57 / All) NotAlIOrcs: all those free taurens LOL
(25:59 / All) DON-BON-WONG: IT WAS 4V2
(26:00 / All) NotAlIOrcs: you are as bad as purple
(26:01 / All) Indra[MN]: xD
(26:02 / All) TC)Turtle: lmaoooooo
(26:02 / All) DON-BON-WONG: and blue blames me
(26:05 / All) WELCOMEToJAMROC: gg retards lol
(26:08 / All) WELCOMEToJAMROC: watch replay and learn
(26:11 / Allies) TC)Turtle: gg counter
(26:12 / All) NotAlIOrcs: you're the biggest noob purp
(26:17 / Allies) Indra[MN]: gogoggo
(26:21 / Allies) Indra[MN]: gj bous
(26:25 / Allies) Indra[MN]: boys
(26:34 / All) DON-BON-WONG: I CANT KILL 4 ARMIES BLUE
(26:41 / All) NotAlIOrcs: nice statues lol
(26:48 / Allies) Indra[MN]: tp?
(26:51 / Allies) Apocalypse(SoD): nah i guess not
(26:55 / Allies) TC)Turtle: air needs to tp
(26:57 / Allies) NotAlIOrcs: shit forgot to buy one
(27:00 / Allies) Indra[MN]: i got
(27:01 / Allies) NotAlIOrcs: give me one?
(27:17 / Allies) Apocalypse(SoD): oj
(27:18 / Allies) Apocalypse(SoD): next
(27:26 / Allies) Apocalypse(SoD): oj
(27:27 / Allies) Apocalypse(SoD): come
(27:30 / Allies) TC)Turtle: omw
(27:55 / Allies) TC)Turtle: where we goin
(27:59 / Allies) Indra[MN]: goggo
(28:00 / Allies) NotAlIOrcs: dunno man
(28:08 / Allies) NotAlIOrcs: that is the question in life
(28:14 / Allies) Indra[MN]: hit wtf
(28:48 / All) DON-BON-WONG: FUCK ME
(28:49 / All) DON-BON-WONG: NO TP
(28:54 / All) Apocalypse(SoD): ROFL
(28:55 / Allies) Indra[MN]: omw
(28:58 / All) Apocalypse(SoD): Fiends ftw
(29:00 / All) DON-BON-WONG: WOOD
(29:07 / Allies) NotAlIOrcs: 30 more mana and I can bladestorm
(29:08 / Allies) Apocalypse(SoD): im good
(29:09 / Allies) NotAlIOrcs: fuck
(29:10 / Allies) Apocalypse(SoD): you didnt need
(29:11 / Allies) Apocalypse(SoD): to tp
(29:27 / Allies) Indra[MN]: damn
(29:31 / Allies) Indra[MN]: cant air anymore
(29:33 / Allies) NotAlIOrcs: coulda got every mortar
(29:35 / All) DON-BON-WONG: wood yellow jesus christ be a good ally
(29:37 / Allies) NotAlIOrcs: if I had 30 more mana
(29:38 / Allies) TC)Turtle: yellow is mass morts
(30:22 / Allies) Indra[MN]: need to kill expo
(30:26 / Allies) TC)Turtle: im going morts
(30:27 / Allies) Apocalypse(SoD): too many towers
(30:31 / Allies) NotAlIOrcs: should hit main
(30:33 / Allies) NotAlIOrcs: green sucks
(30:42 / Allies) Apocalypse(SoD): yeah
(30:45 / Allies) Apocalypse(SoD): need to kill green
(30:48 / Allies) Apocalypse(SoD): hes pissin me off
(30:49 / Allies) NotAlIOrcs: he sucks
(31:05 / Allies) Apocalypse(SoD): kill blue
(31:06 / Allies) Apocalypse(SoD): main
(31:07 / Allies) Apocalypse(SoD): then go
(31:11 / Allies) NotAlIOrcs: wood me if you got spare
(31:21 / Allies) NotAlIOrcs: I'm really short on lumber
(31:23 / Allies) NotAlIOrcs: I can mass up with some
(31:24 / Allies) NotAlIOrcs: wow
(31:25 / Allies) NotAlIOrcs: ty guys
(31:46 / Allies) Apocalypse(SoD): bb
(31:51 / Allies) Apocalypse(SoD): go green
(31:58 / Allies) TC)Turtle: my gold mine collapsed
(31:59 / Allies) TC)Turtle: fyi
(32:00 / Allies) Apocalypse(SoD): go green
(32:01 / Allies) TC)Turtle: im out
(32:16 / Allies) Apocalypse(SoD): come
(32:17 / Allies) Apocalypse(SoD): oj
(32:18 / Allies) TC)Turtle: omw
(32:51 / Allies) Apocalypse(SoD): you have tp
(32:54 / Allies) Indra[MN]: nop
(32:58 / Allies) NotAlIOrcs: too mnay towers at green hit yelllow
(32:58 / Allies) Apocalypse(SoD): oj
(33:00 / Allies) Apocalypse(SoD): you have tp?
(33:02 / Allies) TC)Turtle: no
(33:05 / Allies) Apocalypse(SoD): buy
(33:09 / Allies) Indra[MN]: you need to kill his expo
(33:13 / Allies) TC)Turtle: tp where
(33:23 / Allies) TC)Turtle: tp ion cd
(33:41 / Allies) NotAlIOrcs: they have no aa lol
(33:44 / Allies) Apocalypse(SoD): too many towers
(34:00 / Allies) TC)Turtle: red wait
(34:03 / Allies) TC)Turtle: im omw
(34:17 / Allies) Apocalypse(SoD): we're gonna go to your base
(34:18 / Allies) Apocalypse(SoD): oj
(34:28 / Allies) Apocalypse(SoD): you kill morts
(34:34 / Allies) Apocalypse(SoD): gogogoog
(34:47 / Allies) Apocalypse(SoD): oj
(34:47 / Allies) Apocalypse(SoD): tp
(34:50 / Allies) TC)Turtle: no tp
(34:53 / Allies) Apocalypse(SoD): pay attention
(34:56 / Allies) Apocalypse(SoD): i told u to buy
(34:58 / Allies) TC)Turtle: no tp it was on CD
(35:00 / Allies) TC)Turtle: couldnt buy
(35:06 / Allies) Apocalypse(SoD): fuck
(35:08 / Allies) Apocalypse(SoD): gg?
(35:11 / Allies) NotAlIOrcs: fuck
(35:11 / Allies) TC)Turtle: gg
(35:13 / Allies) TC)Turtle: keep trying
(35:13 / Allies) NotAlIOrcs: I don't think it's over yet
(35:40 / Allies) NotAlIOrcs: I got this
(35:58 / All) DON-BON-WONG: why didnt oj help red lol
(36:04 / Allies) Apocalypse(SoD): he had no
(36:05 / Allies) Apocalypse(SoD): tp
(36:16 / Allies) Apocalypse(SoD): thought he did
(36:16 / All) NotAlIOrcs: Level 10 jubei
(36:17 / All) NotAlIOrcs: woot
(36:17 / Allies) Apocalypse(SoD): but no
(36:21 / Allies) NotAlIOrcs: see? we got this
(36:54 / Allies) TC)Turtle: we need tanks or
(36:56 / Allies) TC)Turtle: morts
(36:59 / Allies) Apocalypse(SoD): tanks
(36:59 / Allies) TC)Turtle: for greens pussy towers
(37:01 / Allies) TC)Turtle: yeah
(37:02 / Allies) Apocalypse(SoD): and some riffles
(37:03 / Allies) TC)Turtle: i gotta rebuild
(37:16 / Allies) Apocalypse(SoD): yall meet
(37:17 / Allies) TC)Turtle: i got yellows Castle
(37:20 / Allies) Apocalypse(SoD): the units
(37:21 / Allies) TC)Turtle: omw
(37:36 / Allies) Apocalypse(SoD): where you at
(37:37 / Allies) Apocalypse(SoD): pink
(37:46 / Allies) Apocalypse(SoD): meet oj
(37:47 / Allies) NotAlIOrcs: huh?
(37:53 / Allies) NotAlIOrcs: what do u mena
(38:03 / All) Apocalypse(SoD): fuckin mh
(38:08 / All) DON-BON-WONG: oh hush
(38:19 / Allies) Apocalypse(SoD): pink
(38:22 / Allies) Apocalypse(SoD): get your units
(38:23 / Allies) Apocalypse(SoD): and hit
(38:24 / Allies) Apocalypse(SoD): with oj
(38:27 / Allies) NotAlIOrcs: j
(38:28 / Allies) TC)Turtle: hit where
(38:29 / Allies) NotAlIOrcs: k;
(38:34 / Allies) Apocalypse(SoD): wait for pink
(38:40 / Allies) TC)Turtle: farm xp
(38:59 / Allies) NotAlIOrcs: b
(39:09 / Allies) NotAlIOrcs: brb bathroom
(39:12 / Allies) Apocalypse(SoD): omg
(39:16 / Allies) Apocalypse(SoD): hes bsiung
(39:20 / All) NotAlIOrcs: sorry brb bathroom pause please
(39:22 / All) DON-BON-WONG: first time they ever left it paused
(39:31 / All) WELCOMEToJAMROC: fucking ignorant girlfriend this is my first night in 5 months playing this game
(39:52 / Allies) NotAlIOrcs: see? we got this
(39:59 / All) NotAlIOrcs: what's your girlfriend mad about?
(40:09 / All) Apocalypse(SoD): FUCK U
(40:10 / All) WELCOMEToJAMROC: idk man
(40:12 / All) WELCOMEToJAMROC: who knows
(40:15 / All) NotAlIOrcs: what's she saying?
(40:17 / All) WELCOMEToJAMROC: she calls me trying to fucking
(40:18 / All) DON-BON-WONG: my bad red
(40:20 / All) DON-BON-WONG: ill leave oj pally alone for now
(40:22 / All) TC)Turtle: ty fam
(40:35 / All) WELCOMEToJAMROC: fucking because she thinks i was being mean to her lol
(40:41 / All) NotAlIOrcs: lol what'd you do
(40:48 / All) TC)Turtle: he did the dishes
(40:58 / Allies) TC)Turtle: shit gg
(41:01 / Allies) TC)Turtle: they check expos
(41:04 / Allies) NotAlIOrcs: it's not over yet
(41:04 / All) WELCOMEToJAMROC: she was telling me somebody was a pig to her at work but couldnt tell me how or why and shes like ill show u
(41:07 / Allies) NotAlIOrcs: I got yellow
(41:19 / Allies) Apocalypse(SoD): pink
(41:19 / All) WELCOMEToJAMROC: im like okay... shes like whats wrong what are u doing im like dude im playing my game lol
(41:19 / Allies) Apocalypse(SoD): go
(41:29 / All) NotAlIOrcs: I work at mcdonalds I see so many pigs at work
(41:31 / Allies) TC)Turtle: i need gold for tanks
(41:39 / All) NotAlIOrcs: she was mad at that?
(41:45 / All) WELCOMEToJAMROC: shes just baiting me to look bad always and shes like ohh im leaving work and im not coming home
(41:51 / Allies) Apocalypse(SoD): hes dead
(41:52 / Allies) Apocalypse(SoD): move on
(42:00 / All) WELCOMEToJAMROC: im like okay ill be for you if you need me
(42:02 / Allies) TC)Turtle: pink gold
(42:03 / Allies) TC)Turtle: damnit
(42:06 / All) NotAlIOrcs: wow
(42:06 / Allies) TC)Turtle: i could have had tanks 20 mins ago lol
(42:08 / All) WELCOMEToJAMROC: always takes things outta control lol
(42:13 / Allies) NotAlIOrcs: oh sorry
(42:13 / All) DON-BON-WONG: no blue
(42:15 / All) DON-BON-WONG: rez ur hero
(42:15 / All) WELCOMEToJAMROC: im like wtf
(42:16 / Allies) NotAlIOrcs: I'll give you some gold
(42:18 / Allies) NotAlIOrcs: howq much do you need?
(42:20 / Allies) TC)Turtle: im spotted
(42:21 / Allies) TC)Turtle: 1k
(42:29 / Allies) NotAlIOrcs: there you go
(42:32 / Allies) NotAlIOrcs: we got this we can win
(42:32 / Allies) TC)Turtle: ty
(42:35 / All) DON-BON-WONG: rez fs
(42:37 / Allies) NotAlIOrcs: we can do it guys
(42:47 / Allies) Apocalypse(SoD): teal
(42:48 / All) DON-BON-WONG: lets get u some items blue
(42:48 / Allies) Apocalypse(SoD): griffs
(42:53 / Allies) Apocalypse(SoD): kill his tower
(43:00 / Allies) Indra[MN]: how we looking lol
(43:04 / Allies) Indra[MN]: which one
(43:11 / Allies) Apocalypse(SoD): top left
(43:12 / Allies) NotAlIOrcs: I got the orcish hoard, let me know if you need gold
(43:35 / Allies) Apocalypse(SoD): make more units
(43:35 / Allies) TC)Turtle: need lumber
(43:36 / Allies) Apocalypse(SoD): pink
(43:40 / Allies) TC)Turtle: im making mass tanks now
(43:44 / Allies) TC)Turtle: green wins 15 gold
(43:47 / Allies) TC)Turtle: 15k gold
(43:48 / Allies) NotAlIOrcs: I'm getting us gold
(43:53 / Allies) Apocalypse(SoD): dont matter
(43:54 / Allies) NotAlIOrcs: so staying on no upkeep
(43:56 / Allies) Apocalypse(SoD): just need to kill his shit
(43:57 / Allies) NotAlIOrcs: lemme know if you need gold
(44:01 / Allies) NotAlIOrcs: you guys can go over upkeep
(44:05 / Allies) Apocalypse(SoD): i cant build
(44:09 / Allies) NotAlIOrcs: why not
(44:10 / Allies) Apocalypse(SoD): because i keep getting killed
(44:12 / Allies) NotAlIOrcs: that sounds like a blunder
(44:20 / Allies) NotAlIOrcs: I have no wood
(44:22 / Allies) NotAlIOrcs: so I can't make units
(44:37 / Allies) NotAlIOrcs: ty
(44:41 / Allies) Indra[MN]: spend that gold wtf lol
(44:45 / Allies) NotAlIOrcs: red, buy a tp staff?
(44:48 / All) DON-BON-WONG: blue plz quake oj base
(44:53 / Allies) Apocalypse(SoD): gold
(45:08 / Allies) Apocalypse(SoD): piunk
(45:10 / Allies) Apocalypse(SoD): kill that
(45:13 / Allies) NotAlIOrcs: k
(45:34 / Allies) Indra[MN]: red
(45:36 / Allies) NotAlIOrcs: got it
(45:37 / Allies) Indra[MN]: give pink your lumber
(45:56 / Allies) NotAlIOrcs: fuck none of us have any lumber
(46:00 / Allies) NotAlIOrcs: all this gold and no wood to use it guys
(46:15 / Allies) TC)Turtle: wait
(46:17 / Allies) NotAlIOrcs: what should I make?
(46:21 / Allies) NotAlIOrcs: I'm not really sure
(46:25 / Allies) NotAlIOrcs: I just started playing this game recently
(46:29 / Allies) NotAlIOrcs: so I'm not very good with strategy
(46:30 / Allies) Apocalypse(SoD): told u
(46:32 / Allies) Apocalypse(SoD): he bsin
(46:38 / Allies) NotAlIOrcs: what's that?
(46:45 / Allies) NotAlIOrcs: bullshitting?
(46:52 / Allies) TC)Turtle: red
(46:56 / All) DON-BON-WONG: hmm
(46:58 / All) DON-BON-WONG: yes there is
(47:04 / All) DON-BON-WONG: pink has many towers!
(47:04 / Allies) NotAlIOrcs: thought you meant backstabbing or something lol
(47:09 / Allies) NotAlIOrcs: I'm not doing those
(47:13 / Allies) Indra[MN]: protect
(47:13 / Allies) NotAlIOrcs: what do I build?
(47:14 / Allies) Indra[MN]: they will hit
(47:14 / Allies) NotAlIOrcs: guys come on
(47:31 / Allies) Indra[MN]: make bats
(47:34 / Allies) Indra[MN]: kill them wyvs
(47:34 / Allies) Indra[MN]: gg
(47:36 / Allies) NotAlIOrcs: k
(47:38 / Allies) NotAlIOrcs: making bats
(47:41 / Allies) TC)Turtle: b
(47:47 / Allies) Indra[MN]: give me control
(47:49 / Allies) Indra[MN]: i will kill them
(47:54 / Allies) NotAlIOrcs: j
(47:55 / Allies) NotAlIOrcs: k
(48:08 / All) Apocalypse(SoD): You are a motherfucker
(48:14 / Allies) TC)Turtle: im gonna get lumber pink
(48:20 / Allies) Apocalypse(SoD): b
(48:21 / Allies) NotAlIOrcs: I gave teal control
(48:29 / All) DON-BON-WONG: wierd game
(48:33 / Allies) TC)Turtle: there
(48:37 / Allies) TC)Turtle: im hiding ehre
(48:39 / Allies) TC)Turtle: repair?
(48:43 / Allies) Indra[MN]: make more bats
(48:47 / Allies) NotAlIOrcs: I need wood
(48:53 / Allies) NotAlIOrcs: they are 40 each I have 20
(49:07 / Allies) Indra[MN]: all dead
(49:09 / Allies) Indra[MN]: except 2
(49:14 / Allies) NotAlIOrcs: wtf
(49:15 / All) WELCOMEToJAMROC: gg
(49:16 / Allies) TC)Turtle: pink
(49:18 / Allies) TC)Turtle: repair tanks
(49:18 / Allies) NotAlIOrcs: WTF
(49:20 / Allies) Indra[MN]: wtf an
(49:20 / All) spyfly123: fuck yes
(49:21 / Allies) NotAlIOrcs: ONE OF YOU IDIOTS KILLED MY BM
(49:24 / All) DON-BON-WONG: lol
(49:28 / All) NotAlIOrcs: WHO THE HELL DID THAT
(49:31 / All) NotAlIOrcs: I gave thes efuckers control
(49:33 / Allies) TC)Turtle: repair pls
(49:34 / All) NotAlIOrcs: and one of them killed my bm
(49:40 / Allies) Apocalypse(SoD): i didnt touch bm
(49:44 / Allies) NotAlIOrcs: one of you killed it
(49:45 / Allies) Apocalypse(SoD): must've been u
(49:47 / Allies) NotAlIOrcs: and you're calling ME a bser?
(49:48 / All) spyfly123: that's too funny
(49:49 / Allies) Indra[MN]: it was me
(49:51 / Allies) Apocalypse(SoD): yep
(49:53 / Allies) Apocalypse(SoD): thats u
(49:54 / Allies) Indra[MN]: i got scared you wouldnt do shit
(49:54 / Allies) NotAlIOrcs: what the fuck teal
(49:58 / Allies) TC)Turtle: [ink repair the tanks
(49:59 / Allies) TC)Turtle: please
(50:00 / Allies) Indra[MN]: nigga was in red
(50:06 / All) NotAlIOrcs: Teal is a fucking tker
(50:09 / All) NotAlIOrcs: He got my blademaster killed
(50:10 / Allies) Apocalypse(SoD): farm wood
(50:11 / Allies) Indra[MN]: wtf lol
(50:11 / Allies) Apocalypse(SoD): at ur expo
(50:12 / All) NotAlIOrcs: when he asked to share control
(50:15 / Allies) Apocalypse(SoD): or just leave
(50:17 / Allies) Apocalypse(SoD): so i can take ur shit
(50:21 / All) DON-BON-WONG: teal........
(50:26 / All) DON-BON-WONG: say it aint so, teal
(50:30 / Allies) NotAlIOrcs: k
(50:32 / All) spyfly123: oh wait,
(50:33 / Allies) NotAlIOrcs: I'll try to get more wood
(50:40 / Allies) NotAlIOrcs: teal is a fucking backstabber I lost my blademaster
(50:41 / Allies) TC)Turtle: im farming wood
(50:41 / Allies) TC)Turtle: now
(50:49 / Allies) Indra[MN]: revive dude
(50:53 / Allies) Indra[MN]: not fucking big deal
(50:53 / Allies) NotAlIOrcs: I am dude
(50:56 / Allies) NotAlIOrcs: it takes 50 years
(50:57 / All) DON-BON-WONG: yea
(50:58 / Allies) Indra[MN]: not wood
(50:58 / Allies) NotAlIOrcs: because it's level 10
(51:03 / All) DON-BON-WONG: expo there
(51:05 / Allies) Indra[MN]: give me bat control
(51:10 / Allies) Indra[MN]: i wont touch bm
(51:10 / Allies) NotAlIOrcs: you'll backstab me
(51:12 / Allies) Indra[MN]: just bats
(51:16 / Allies) NotAlIOrcs: promise?
(51:19 / Allies) NotAlIOrcs: I'll report you if you do that again
(51:20 / Allies) Indra[MN]: dude you scared me lol
(51:26 / Allies) Indra[MN]: use bats omg
(51:28 / Allies) NotAlIOrcs: if you do that again
(51:32 / Allies) NotAlIOrcs: kiss your cd key goodbye
(51:34 / All) Apocalypse(SoD): you mh too much
(51:38 / All) Apocalypse(SoD): yall need to quit bsing together
(51:41 / All) Apocalypse(SoD): and fuckin end the game kids
(51:52 / Allies) NotAlIOrcs: finally got my hero back
(52:01 / All) DON-BON-WONG: i dont have mh lawl. i just sent low hp wyevern to u and pink
(52:02 / Allies) TC)Turtle: hit
(52:09 / Allies) NotAlIOrcs: lots of bats
(52:22 / All) DON-BON-WONG: focus red dk
(52:27 / All) Indra[MN]: ok
(52:35 / Allies) NotAlIOrcs: got blue heroes guys
(52:43 / Allies) NotAlIOrcs: shit
(52:46 / Allies) NotAlIOrcs: he tped
(53:02 / Allies) Indra[MN]: care
(53:04 / Allies) TC)Turtle: i need gold for expo if oyu have
(53:22 / Allies) NotAlIOrcs: use bats teal
(53:30 / Allies) TC)Turtle: ty
(53:33 / Allies) Indra[MN]: oj
(53:37 / Allies) Indra[MN]: lets take out them expos
(53:40 / Allies) Indra[MN]: and kill bases for win
(53:50 / Allies) Indra[MN]: micro tanks
(53:52 / Allies) NotAlIOrcs: I'll bladestorm an expo
(53:54 / Allies) NotAlIOrcs: and kill it
(53:58 / All) DON-BON-WONG: its a mirror
(54:06 / Allies) NotAlIOrcs: bats
(54:08 / Allies) Apocalypse(SoD): dont use bats on towers
(54:16 / Allies) Apocalypse(SoD): thats suicide
(54:19 / Allies) NotAlIOrcs: got one
(54:22 / Allies) Indra[MN]: tanks will tank
(54:26 / Allies) Apocalypse(SoD): bm
(54:26 / Allies) Apocalypse(SoD): bm
(54:43 / All) WELCOMEToJAMROC: gj
(54:50 / Allies) TC)Turtle: shit
(54:56 / Allies) TC)Turtle: tanks here for reapir
(55:23 / Allies) NotAlIOrcs: we got this
(55:27 / Allies) NotAlIOrcs: more bats
(55:36 / Allies) Apocalypse(SoD): altar
(55:45 / Allies) Indra[MN]: wtf pink
(55:48 / Allies) Apocalypse(SoD): kill his
(55:48 / Allies) Apocalypse(SoD): shit
(55:49 / All) WELCOMEToJAMROC: gg finally
(55:49 / Allies) Indra[MN]: pink wtf
(55:50 / Allies) NotAlIOrcs: I think I'm gonna take control
(55:55 / Allies) Apocalypse(SoD): hes bsin bro
(55:55 / Allies) NotAlIOrcs: and hit his main
(55:57 / Allies) Apocalypse(SoD): i'm telling you
(56:04 / Allies) Indra[MN]: pink
(56:07 / Allies) Indra[MN]: i need control
(56:09 / Allies) Indra[MN]: dude come on...
(56:10 / Allies) NotAlIOrcs: watch this
(56:11 / Allies) NotAlIOrcs: it'll be pro
(56:17 / Allies) Indra[MN]: you killed red
(56:17 / Allies) Apocalypse(SoD): suicide
(56:20 / Allies) Apocalypse(SoD): nice
(56:22 / Allies) NotAlIOrcs: fuck
(56:24 / Allies) NotAlIOrcs: Liquid fire
(56:24 / Allies) Indra[MN]: wtf
(56:28 / Allies) NotAlIOrcs: is supposed to disable buildings
(56:29 / Allies) Apocalypse(SoD): gold
(56:30 / Allies) NotAlIOrcs: right?
(56:33 / Allies) NotAlIOrcs: then why did a couple die?
(56:33 / Allies) Indra[MN]: no lol
(56:39 / Allies) Apocalypse(SoD): rofl
(56:41 / Allies) Indra[MN]: dude
(56:44 / Allies) Indra[MN]: come on man....
(56:46 / Allies) NotAlIOrcs: I saw this micro on youtube
(56:49 / Allies) Apocalypse(SoD): gold
(56:50 / Allies) NotAlIOrcs: this guy wtii I think did it
(56:51 / Allies) Indra[MN]: let me control
(56:53 / Allies) NotAlIOrcs: you can but bats on every tower
(56:58 / Allies) NotAlIOrcs: and it's supposed to disable them all
(56:59 / Allies) Apocalypse(SoD): gold me
(56:59 / Allies) NotAlIOrcs: right?
(57:00 / Allies) Indra[MN]: dude no lol
(57:01 / All) spyfly123: what a game
(57:02 / Allies) NotAlIOrcs: didn't do it though
(57:02 / Allies) Apocalypse(SoD): 500
(57:07 / Allies) NotAlIOrcs: my bladestorm is almost back though
(57:08 / All) Apocalypse(SoD): it's all bs
(57:09 / Allies) Indra[MN]: pink lets win
(57:12 / All) DON-BON-WONG: love this map
(57:15 / All) spyfly123: lol
(57:19 / Allies) TC)Turtle: FUCK
(57:21 / All) Apocalypse(SoD): green and pink
(57:23 / All) Apocalypse(SoD): bsing
(57:31 / All) NotAlIOrcs: ?
(57:35 / All) Apocalypse(SoD): painfully obvious
(57:35 / Allies) NotAlIOrcs: there
(57:37 / Allies) NotAlIOrcs: it worked there
(57:43 / All) NotAlIOrcs: what atre you talking about
(57:43 / Allies) Indra[MN]: no it didnt lol
(57:46 / Allies) Apocalypse(SoD): gold me
(57:48 / Allies) Apocalypse(SoD): 550
(57:48 / Allies) Indra[MN]: need to kill that
(57:49 / Allies) Apocalypse(SoD): gold
(57:55 / Allies) Apocalypse(SoD): he wont do it
(57:56 / Allies) Indra[MN]: control pink plz
(58:05 / Allies) Indra[MN]: lets just win this already
(58:07 / Allies) NotAlIOrcs: I think you aren't that good
(58:11 / Allies) NotAlIOrcs: or you could kill expos like I just did
(58:15 / Allies) NotAlIOrcs: with liquid fire pro control
(58:26 / All) DON-BON-WONG: cant believe only yellow left
(58:27 / Allies) Indra[MN]: he is smart
(58:32 / Allies) Indra[MN]: killing bases now
(58:34 / All) WELCOMEToJAMROC: i was afk
(58:36 / Allies) Indra[MN]: fior gg
(58:37 / All) WELCOMEToJAMROC: forever
(58:39 / Allies) NotAlIOrcs: let's hit here
(58:44 / All) spyfly123: no one wants to give this game up
(58:50 / Allies) Indra[MN]: dont let blue rebuild
(58:54 / Allies) NotAlIOrcs: hit
(58:56 / All) DON-BON-WONG: battle of the 45% players
(59:08 / Allies) NotAlIOrcs: doing the thing I saw on youtube
(59:10 / Allies) NotAlIOrcs: lets see if it works
(59:35 / Allies) Indra[MN]: these guys just trolling now
(59:48 / Allies) TC)Turtle: i can heal bm let him tank
(59:53 / Allies) NotAlIOrcs: fuck
(59:55 / Allies) Indra[MN]: he wont let you
(59:56 / Allies) NotAlIOrcs: ok you get control next time
(59:58 / Allies) Indra[MN]: gg
(60:05 / Allies) NotAlIOrcs: making more bats
(60:10 / Allies) NotAlIOrcs: I have one here too
(60:47 / All) NotAlIOrcs: purp you still here?
(61:12 / All) NotAlIOrcs: what does it say when a bat pops? sounds like BLUE TROLL YASH
(61:28 / Allies) TC)Turtle: need wood
(61:29 / Allies) NotAlIOrcs: Kill green
(61:31 / Allies) NotAlIOrcs: blue is a noob
(61:32 / Allies) TC)Turtle: and i can castle and then tanks
(61:34 / Allies) Indra[MN]: boue firs
(61:37 / Allies) NotAlIOrcs: kill green
(61:43 / Allies) NotAlIOrcs: I want you to kill green for me
(61:44 / Allies) Indra[MN]: omg
(61:49 / Allies) Indra[MN]: not yet
(61:53 / Allies) NotAlIOrcs: Kill green
(62:01 / Allies) NotAlIOrcs: or I remove control
(62:04 / Allies) NotAlIOrcs: GREEN
(62:07 / Allies) Apocalypse(SoD): lol
(62:10 / Allies) Apocalypse(SoD): i told you
(62:14 / All) DON-BON-WONG: this is a craz ygame
(62:18 / All) Apocalypse(SoD): stfu kid
(62:22 / All) Apocalypse(SoD): you're both bsing
(62:39 / Allies) NotAlIOrcs: noob
(62:54 / Allies) NotAlIOrcs: Use bats noob
(63:03 / Allies) Indra[MN]: god damn this guy is annoying
(63:06 / Allies) NotAlIOrcs: No
(63:08 / Allies) NotAlIOrcs: You kill green
(63:12 / Allies) NotAlIOrcs: GREEN
(63:13 / Allies) Indra[MN]: gg
(63:16 / Allies) Apocalypse(SoD): afk
(63:17 / Allies) Indra[MN]: pink is a kid
(63:19 / Allies) NotAlIOrcs: more bats
(63:21 / Allies) NotAlIOrcs: kill green for me
(63:32 / All) NotAlIOrcs: My team is so whiny
(63:33 / Allies) Indra[MN]: bitch he has raiders noob
(63:40 / Allies) NotAlIOrcs: so fucking do something about it dude
(63:46 / Allies) NotAlIOrcs: use unstable concoction on them
(63:47 / Allies) NotAlIOrcs: to kill them
(63:58 / Allies) NotAlIOrcs: Explode the bats
(64:18 / Allies) TC)Turtle: lumber anyone
(64:19 / Allies) NotAlIOrcs: detonate the bats on the raiders
(64:22 / All) DON-BON-WONG: why tell me to stfu
(64:23 / All) DON-BON-WONG: red
(64:35 / Allies) NotAlIOrcs: dude wtf are you doing detonate the bats
(64:47 / All) NotAlIOrcs: Teal doesn't know how to detonate bats on raiders
(64:50 / All) NotAlIOrcs: with unstable concoction
(64:58 / All) Indra[MN]: lol
(65:00 / Allies) TC)Turtle: pink if i get lumber i can upgrade castel and then tanks and we an win
(65:02 / Allies) NotAlIOrcs: more bats
(65:15 / Allies) NotAlIOrcs: kk
(65:18 / Allies) NotAlIOrcs: I'll feed you my lumber
(65:22 / Allies) TC)Turtle: ok im good now
(65:25 / All) DON-BON-WONG: control my riaders blue
(65:28 / Allies) NotAlIOrcs: nice
(65:33 / Allies) Indra[MN]: dang
(65:55 / Allies) NotAlIOrcs: wow you are feeding him bats
(66:01 / Allies) Indra[MN]: you are moving it
(66:04 / Allies) NotAlIOrcs: ???
(66:07 / Allies) NotAlIOrcs: I haven't been at all
(66:10 / Allies) NotAlIOrcs: stop making excuses lol
(66:13 / Allies) Indra[MN]: dont Bs me
(66:17 / Allies) NotAlIOrcs: I seriously haven't
(66:21 / Allies) NotAlIOrcs: I'm not kidding you
(66:32 / All) DON-BON-WONG: who is winning lawl
(66:34 / Allies) NotAlIOrcs: you're making excuses for your failures
(66:35 / Allies) TC)Turtle: pink gold pls
(66:45 / Allies) TC)Turtle: ty
(66:46 / Allies) NotAlIOrcs: there
(66:48 / Allies) NotAlIOrcs: 5k
(66:51 / All) DON-BON-WONG: rez ur fs blue
(67:18 / Allies) Indra[MN]: gg
(67:21 / All) Apocalypse(SoD): tking both of them if i ever am on a team with them
(67:28 / Allies) NotAlIOrcs: more trolls
(67:44 / All) NotAlIOrcs: Red tking is against the rules
(67:52 / All) NotAlIOrcs: If you plan on doing that, I am going to report you in advance
(68:05 / Allies) Apocalypse(SoD): give a fuck lol
(68:15 / All) NotAlIOrcs: If you plan on doing that you WILL be banned
(68:16 / Allies) Indra[MN]: bats are useless
(68:17 / Allies) Indra[MN]: now
(68:20 / Allies) Indra[MN]: you were too slow
(68:23 / Allies) Indra[MN]: and let them all die
(68:23 / Allies) NotAlIOrcs: then why haven't you told me to make something else?
(68:24 / All) Apocalypse(SoD): nope
(68:34 / Allies) Indra[MN]: cause its gg cause of youre dumb ass
(68:40 / Allies) NotAlIOrcs: You suck with bats
(68:44 / Allies) NotAlIOrcs: I think that's the real issue
(68:50 / Allies) NotAlIOrcs: you tked my blademaster earlier
(69:02 / Allies) NotAlIOrcs: and you suicide bats basically, I think you are practically a tker, and that you suck at this game
(69:03 / Allies) Indra[MN]: he was doing to die lol
(69:05 / All) DON-BON-WONG: die red ghoul
(69:09 / Allies) TC)Turtle: im still fucking trying to get tanks lol
(69:11 / Allies) NotAlIOrcs: I'm halfway through the campaign on hard mode, how much have you done?
(69:18 / Allies) NotAlIOrcs: I bet you can't even beat it on easy mode
(69:23 / Allies) TC)Turtle: im on the 3rd map
(69:28 / All) DON-BON-WONG: that wasnt map hack red
(69:29 / All) DON-BON-WONG: just luck
(69:31 / Allies) NotAlIOrcs: roc or tft?
(69:34 / All) DON-BON-WONG: didnt know u were rezzing dk
(69:44 / Allies) Indra[MN]: gg fellas
(69:55 / Allies) TC)Turtle: stay
(69:56 / Allies) TC)Turtle: we can win
(69:58 / Allies) TC)Turtle: im going to tanks
(70:00 / Allies) Indra[MN]: pink hasnt even won a game lol
(70:03 / Allies) NotAlIOrcs: orange have you got this/?
(70:03 / Allies) TC)Turtle: just wait 10 mins lol
(70:06 / Allies) Indra[MN]: he has raiders, useless
(70:08 / Allies) NotAlIOrcs: because I get noobs like you on my team teal
(70:10 / Allies) Apocalypse(SoD): yeah
(70:12 / Allies) Apocalypse(SoD): you can leave now
(70:12 / Allies) Apocalypse(SoD): pink
(70:14 / Allies) TC)Turtle: save this shit im still trying to get fucking tanks
(70:20 / Allies) NotAlIOrcs: Why? We might have this
(70:26 / Allies) NotAlIOrcs: and then I get a win, and am one closer to having an icon
(70:27 / Allies) TC)Turtle: no stay guys lol
(70:29 / Allies) Apocalypse(SoD): you're done
(70:29 / Allies) TC)Turtle: we got this
(70:31 / Allies) Apocalypse(SoD): leave
(70:33 / Allies) Indra[MN]: leave pink
(70:36 / Allies) TC)Turtle: pink mine lumber
(70:37 / Allies) TC)Turtle: ??
(70:39 / Allies) NotAlIOrcs: k
(70:51 / Allies) Indra[MN]: at leasy give oj youre recourses
(70:58 / Allies) NotAlIOrcs: I gave him 5k gold
(70:59 / Allies) Indra[MN]: oh wait, youre too much of a bitch
(71:01 / Allies) NotAlIOrcs: got the far seer
(71:06 / Allies) NotAlIOrcs: see that?
(71:09 / Allies) NotAlIOrcs: I'm pro compared to you teal
(71:13 / Allies) Indra[MN]: xDDDD
(71:17 / Allies) Indra[MN]: ok mr. winless
(71:22 / Allies) Indra[MN]: bye bye
(71:23 / Allies) TC)Turtle: tower this bas
(71:31 / Allies) TC)Turtle: tower base
(71:32 / Allies) Indra[MN]: bladesworm
(71:33 / Allies) NotAlIOrcs: you are 309-304
(71:37 / Allies) NotAlIOrcs: I do not think that is very good
(71:38 / Allies) Indra[MN]: winning record
(71:40 / All) WELCOMEToJAMROC: popcorn and beer
(71:44 / Allies) NotAlIOrcs: It's barely 50%
(71:49 / Allies) NotAlIOrcs: You are a winner barely half of the time
(71:55 / Allies) Indra[MN]: would be higher, but i keep getting idiots like you
(72:00 / Allies) Indra[MN]: soooooo
(72:01 / Allies) NotAlIOrcs: If I played games with people on my level, I'd have a 100% win rate
(72:02 / All) WELCOMEToJAMROC: enjoying this show win or lose lol
(72:05 / Allies) NotAlIOrcs: but I get noobs like you
(72:10 / Allies) Indra[MN]: lololool
(72:15 / Allies) NotAlIOrcs: who suicide bats
(72:17 / Allies) NotAlIOrcs: and suicide blademasters
(72:26 / Allies) Indra[MN]: damn i feel bad for you pink
(72:37 / All) DON-BON-WONG: sorry
(72:38 / Allies) NotAlIOrcs: why?
(72:51 / Allies) NotAlIOrcs: I'm popular at school
(72:54 / Allies) Indra[MN]: you gonna make wyvs or what
(72:58 / Allies) NotAlIOrcs: what year are you in? I'm a senior
(73:02 / Allies) Indra[MN]: lmao
(73:11 / Allies) Indra[MN]: make wyvs noob
(73:11 / Allies) TC)Turtle: move peons
(73:14 / Allies) TC)Turtle: move peons
(73:23 / Allies) NotAlIOrcs: k
(73:28 / All) WELCOMEToJAMROC: stopheroin
(73:30 / Allies) TC)Turtle: ty
(73:41 / All) Indra[MN]: mhhhhh lmaoooo
(73:52 / All) NotAlIOrcs: wtf
(73:57 / All) NotAlIOrcs: Fucking maphack
(73:59 / All) NotAlIOrcs: are you kidding?
(74:04 / All) Indra[MN]: big gime lol
(74:15 / All) NotAlIOrcs: Red is tking me
(74:15 / All) TC)Turtle: fuck this gg lol
(74:18 / All) NotAlIOrcs: He is spamming share control
(74:20 / All) NotAlIOrcs: and unshare
(74:27 / All) TC)Turtle: green how much gold oyu got
(74:28 / All) Indra[MN]: shut up
(74:29 / All) Indra[MN]: you suck
(74:37 / All) NotAlIOrcs: Red is tking me with share and unshare control
(74:43 / All) NotAlIOrcs: I'm filing a report to Blizzard
(74:51 / Allies) Indra[MN]: where the fuck your bm at pink
(74:57 / Allies) NotAlIOrcs: killing blue
(74:58 / Allies) NotAlIOrcs: idiot
(74:59 / Allies) Indra[MN]: fucking noob
(75:08 / Allies) NotAlIOrcs: gonna bladestorm his expansion
(75:09 / Allies) Indra[MN]: you werent doing shit til i said something
(75:13 / Allies) NotAlIOrcs: yes I was stfu
(75:16 / Allies) NotAlIOrcs: you suck
(75:20 / Allies) Indra[MN]: stop lying lolololololol
(75:21 / Allies) NotAlIOrcs: I have units where are yours? noob
(75:25 / Allies) NotAlIOrcs: I am the last player wqith units
(75:27 / Allies) NotAlIOrcs: you all fucking suck!
(75:43 / Allies) Indra[MN]: after this game you will be winless lmao
(75:44 / Allies) NotAlIOrcs: watch this
(75:45 / Allies) NotAlIOrcs: pro move
(75:56 / Allies) NotAlIOrcs: I play like a pro
(75:59 / Allies) NotAlIOrcs: you play like a noob
(76:06 / Allies) Indra[MN]: thats why youre winless i know
(76:15 / All) DON-BON-WONG: thx
(76:16 / Allies) NotAlIOrcs: as opposed to what, barely winning half the time??
(76:25 / All) Apocalypse(SoD): pink and green need to get laid
(76:27 / Allies) Indra[MN]: how can you win with idiots like you
(76:29 / All) Apocalypse(SoD): and not with eachother
(76:42 / All) Apocalypse(SoD): this is what gay sex does to you
(76:44 / All) WELCOMEToJAMROC: some dudes like anal
(76:48 / All) NotAlIOrcs: I can use bats and blademasters
(76:51 / All) NotAlIOrcs: without suiciding them
(76:51 / All) WELCOMEToJAMROC: girl or guy its the same
(76:52 / All) NotAlIOrcs: noob
(76:53 / All) WELCOMEToJAMROC: got em
(77:05 / All) TC)Turtle: he cant deal
(77:11 / All) Apocalypse(SoD): bye pink
(77:14 / All) Apocalypse(SoD): you can leave
(77:26 / All) NotAlIOrcs: Why?
(77:39 / All) TC)Turtle: ah fuck it you win lol
(77:39 / All) WELCOMEToJAMROC: did we win yet
(77:40 / All) WELCOMEToJAMROC: wtf
(77:45 / All) TC)Turtle: not yet
(77:46 / All) Apocalypse(SoD): afk
(77:49 / All) Apocalypse(SoD): gl with the end
(77:53 / All) spyfly123: damn
(77:53 / All) NotAlIOrcs: AFK is what red is
(77:55 / All) TC)Turtle: dude ive been trying to get tanks for 45 minutes LMAO
(77:55 / All) DON-BON-WONG: game is over in 5 min
(77:56 / All) NotAlIOrcs: A fucking kid
(77:58 / All) WELCOMEToJAMROC: a pro would know when its technically impossible
(78:07 / All) WELCOMEToJAMROC: i mean ppl can slack off and go to piss and u could win
(78:10 / All) TC)Turtle: fuckin green kept sniping my bases lmao
(78:10 / All) WELCOMEToJAMROC: but its looking good here
(78:11 / All) NotAlIOrcs: My team is kids and noobs
(78:15 / All) NotAlIOrcs: I lost this because my team sucks
(78:19 / All) DON-BON-WONG: nothing personal oj!
(78:24 / All) TC)Turtle: <3
(78:28 / All) WELCOMEToJAMROC: play solo
(78:31 / All) WELCOMEToJAMROC: teams are fun tho
(78:36 / All) TC)Turtle: ifi initially went tanks when i saw ur expos we would have won hehe
(78:38 / All) WELCOMEToJAMROC: its a team agame
(78:39 / All) NotAlIOrcs: My team sucks purp
(78:42 / All) NotAlIOrcs: it's not fair
(78:50 / All) NotAlIOrcs: and you thought yours sucked
(78:57 / All) WELCOMEToJAMROC: if i didnt play good from the beginning they wouldve never had the opportunity to make it this far
(79:10 / All) NotAlIOrcs: I carried my team this far
(79:12 / All) NotAlIOrcs: I know how you feel
(79:13 / All) WELCOMEToJAMROC: yea i got fucked up and i didnt save my base because my girlfriend is insane lol
(79:29 / All) spyfly123: fuck off pink
(79:36 / All) WELCOMEToJAMROC: i havent played in 5 months till today
(79:37 / All) DON-BON-WONG: pink sucks!
(79:40 / All) NotAlIOrcs: You suck blue
(79:41 / All) WELCOMEToJAMROC: and if we win this im 3-1
(79:44 / All) NotAlIOrcs: you got lucky you got carried by green
(79:51 / All) WELCOMEToJAMROC: i prolly coulda playeed three more games in this time but whatever
(79:54 / All) TC)Turtle: well ive got no peasants left
(79:56 / All) TC)Turtle: gee gee
(79:58 / All) spyfly123: your such a turd sandwich
(80:18 / All) DON-BON-WONG: lol
(80:18 / All) NotAlIOrcs: a turd sandwich? really blue?
(80:23 / All) DON-BON-WONG: pinks towers got blue!
(80:25 / All) spyfly123: :p
(80:27 / All) NotAlIOrcs: have you had many of those before? never heard of it
(80:41 / All) TC)Turtle: longest 4v4 RT ive ever played
(80:51 / All) DON-BON-WONG: ive been in a 12 hour one
(80:55 / All) WELCOMEToJAMROC: control blue i think hes afk
(80:57 / All) DON-BON-WONG: left computer on all night
(80:58 / All) WELCOMEToJAMROC: yup
(81:05 / All) WELCOMEToJAMROC: ive been playing a long time
(81:14 / All) NotAlIOrcs: you ever get tked before purp?
(81:21 / All) TC)Turtle: green get my lumber mill with those two raiders, left expo
(81:32 / All) WELCOMEToJAMROC: ive played over 20thousand games
(81:45 / All) NotAlIOrcs: ever been hacked?
(81:47 / All) NotAlIOrcs: like control hacked?
(81:49 / All) DON-BON-WONG: what
(81:54 / All) spyfly123: your timing is impeccable pink
(81:56 / All) spyfly123: hmm
(81:57 / All) WELCOMEToJAMROC: ive been hacked
(82:00 / All) spyfly123: i wonder why that is
(82:08 / All) NotAlIOrcs: got any stories?
(82:10 / Allies) TC)Turtle: killed greens BM
(82:12 / Allies) TC)Turtle: pink
(82:14 / Allies) NotAlIOrcs: nice
(82:15 / Allies) TC)Turtle: gogog
(82:19 / Allies) TC)Turtle: BM*
(82:22 / All) WELCOMEToJAMROC: jesus christ
(82:24 / All) NotAlIOrcs: purp?
(82:26 / All) DON-BON-WONG: wasnt watching lawl
(82:28 / All) TC)Turtle: lel
(82:29 / All) DON-BON-WONG: was watching
(82:31 / All) spyfly123: insta revive hero
(82:32 / All) WELCOMEToJAMROC: fucking play
(82:33 / All) DON-BON-WONG: monday night football pregame
(82:43 / All) NotAlIOrcs: purp tell me a 4v4 story you must have lots with that many games
(82:44 / Allies) TC)Turtle: dude we can win
(82:46 / Allies) TC)Turtle: make peons
(82:46 / Allies) NotAlIOrcs: we got this
(82:47 / Allies) TC)Turtle: pink
(82:52 / Allies) NotAlIOrcs: give me your gold and wood?
(82:53 / Allies) TC)Turtle: peons and mass shit
(83:04 / All) WELCOMEToJAMROC: i won a razr mouse
(83:07 / All) WELCOMEToJAMROC: in 2004
(83:08 / All) DON-BON-WONG: how
(83:09 / All) DON-BON-WONG: wtf
(83:12 / Allies) NotAlIOrcs: ty
(83:17 / All) NotAlIOrcs: wow
(83:18 / Allies) TC)Turtle: save peon
(83:19 / All) NotAlIOrcs: you won a tourney?
(83:20 / Allies) TC)Turtle: build t hall
(83:26 / Allies) TC)Turtle: next to towers
(83:32 / Allies) TC)Turtle: shit
(83:33 / Allies) NotAlIOrcs: fuck
(83:33 / All) WELCOMEToJAMROC: and i smashed it againt my basement wall a month later lol
(83:33 / Allies) TC)Turtle: shit
(83:38 / All) WELCOMEToJAMROC: it was a 300 dollar mouse
(83:41 / Allies) TC)Turtle: lmfao gg
(83:42 / Allies) NotAlIOrcs: fuck
(83:47 / All) DON-BON-WONG: what tournament?
(83:50 / Allies) NotAlIOrcs: might still have this
(83:53 / Allies) TC)Turtle: we got more towers we win
(84:03 / Allies) TC)Turtle: his altart
(84:07 / Allies) TC)Turtle: his BM is gonna be up soon
(84:08 / Allies) TC)Turtle: shit
(84:15 / All) DON-BON-WONG: best i ever won
(84:32 / All) NotAlIOrcs: why did you smash it
(84:32 / All) NotAlIOrcs: wtf
(84:48 / All) WELCOMEToJAMROC: because i disconnectedor some shit
(84:53 / All) WELCOMEToJAMROC: and i was like 18
(84:54 / Allies) TC)Turtle: watch hero purp
(84:56 / Allies) TC)Turtle: pink*
(84:57 / Allies) TC)Turtle: gj
(85:09 / All) NotAlIOrcs: Do you know kung fu purp? weird question I know
(85:11 / All) WELCOMEToJAMROC: very violent
(85:38 / All) NotAlIOrcs: think I might've played a game before where you said you did
(85:40 / All) NotAlIOrcs: but I can't remember
(85:42 / All) WELCOMEToJAMROC: i study many martial arts
(85:52 / All) NotAlIOrcs: what ones do you know?
(86:12 / All) WELCOMEToJAMROC: i havent trained with any professionals
(86:28 / All) NotAlIOrcs: do you train at home? I'm interested in learning the martial arts
(86:31 / All) WELCOMEToJAMROC: im a huge joe rogan fan and i know alot of jiu jitsu
(86:37 / All) NotAlIOrcs: can you do that? like just train at home?
(86:42 / All) NotAlIOrcs: that'd make it a lot easier for me to learn
(86:49 / All) WELCOMEToJAMROC: if u have money i would look for a gracie U near u
(86:56 / All) NotAlIOrcs: a gracie?
(87:05 / All) WELCOMEToJAMROC: gracie BJJ yea
(87:08 / All) NotAlIOrcs: what's that?
(87:09 / All) NotAlIOrcs: bjj?
(87:14 / All) WELCOMEToJAMROC: its a way of live
(87:14 / Allies) TC)Turtle: pink
(87:15 / Allies) TC)Turtle: hero
(87:16 / Allies) TC)Turtle: bm
(87:17 / Allies) TC)Turtle: watch HP
(87:19 / All) WELCOMEToJAMROC: brazilian jui
(87:22 / All) WELCOMEToJAMROC: fuck u man
(87:23 / All) NotAlIOrcs: what's it?
(87:28 / All) WELCOMEToJAMROC: my team is afk losers
(87:28 / All) DON-BON-WONG: asshole
(87:30 / All) DON-BON-WONG: lol
(87:31 / All) WELCOMEToJAMROC: nice talking to u tho
(87:32 / All) NotAlIOrcs: brazilian jui?
(87:32 / Allies) TC)Turtle: PINK
(87:34 / All) NotAlIOrcs: oh
(87:37 / All) NotAlIOrcs: FUCK
(87:38 / Allies) TC)Turtle: HOYL FUCK
(87:39 / All) DON-BON-WONG: wtf
(87:40 / All) NotAlIOrcs: I WAS DISTRACTED TALKING
(87:42 / Allies) TC)Turtle: I WAS TELLING OYU
(87:42 / All) NotAlIOrcs: AND LOST MY FUCKIING HERO
(87:44 / All) NotAlIOrcs: ARJW#QPOR%#JJ!@J%
(87:45 / All) NotAlIOrcs: WQ(#)#0ipoksGFpKWAFl
(87:46 / All) TC)Turtle: I WAS TELLING HIM
(87:46 / All) NotAlIOrcs: FUCK
(87:47 / All) NotAlIOrcs: FUCK
(87:48 / All) DON-BON-WONG: i was watching monday night football
(87:48 / All) TC)Turtle: FOR FIVE MINUTES
(87:49 / All) NotAlIOrcs: I LOST MY HERO
(87:50 / All) TC)Turtle: GG
(87:51 / All) NotAlIOrcs: -AR{aw[a
(87:51 / Allies) TC)Turtle: rez him
(87:52 / All) DON-BON-WONG: and ur hex
(87:54 / All) DON-BON-WONG: wait oj......
(87:57 / All) NotAlIOrcs: WHY THE FUCK DID I DECIDE TO ASK YOU ABOUT MARTIAL ARTS
(87:58 / All) NotAlIOrcs: OMG
(87:59 / All) WELCOMEToJAMROC: we shouldve won
(88:00 / All) DON-BON-WONG: im out of units too wtf.........
(88:01 / All) WELCOMEToJAMROC: but really
(88:04 / All) WELCOMEToJAMROC: u shouldve to
(88:06 / All) DON-BON-WONG: i cant build..........
(88:07 / All) WELCOMEToJAMROC: who cares
(88:10 / All) NotAlIOrcs: I have 0 food
(88:13 / All) NotAlIOrcs: can you make anything?
(88:16 / All) TC)Turtle: gg pink lost the game
(88:18 / All) TC)Turtle: nope
(88:19 / All) DON-BON-WONG: no.......
(88:20 / All) NotAlIOrcs: wait
(88:22 / All) DON-BON-WONG: i have no units or burrows
(88:23 / All) NotAlIOrcs: can your team not either?
(88:24 / All) NotAlIOrcs: LOL
(88:24 / All) DON-BON-WONG: or peasants
(88:28 / All) WELCOMEToJAMROC: gg
(88:29 / All) TC)Turtle: its a draw
(88:31 / All) NotAlIOrcs: how are you supposed to kill each other??
(88:32 / All) WELCOMEToJAMROC: we win
(88:33 / All) DON-BON-WONG: who the hell wins?
(88:34 / All) NotAlIOrcs: it's a standoff
(88:41 / All) NotAlIOrcs: so we can leave our pcs on all night?
(88:49 / All) DON-BON-WONG: i plan to probably
(88:49 / All) WELCOMEToJAMROC: they have a main
(88:55 / All) WELCOMEToJAMROC: or else it would be revealed
(89:02 / All) NotAlIOrcs: no, we have no main
(89:06 / All) TC)Turtle: no mains
(89:09 / All) NotAlIOrcs: we'll get revealed
(89:12 / All) WELCOMEToJAMROC: thanks for giving control green
(89:12 / All) DON-BON-WONG: ojs pally
(89:12 / All) TC)Turtle: so you guys have a main somewhere
(89:14 / All) DON-BON-WONG: washard ot kill
(89:21 / All) DON-BON-WONG: oj i wanted ur pally dead all game : (
(89:25 / All) TC)Turtle: lmao
(89:34 / All) DON-BON-WONG: reds dk was easy to kill
(89:38 / All) TC)Turtle: 45 second sheild
(89:47 / All) WELCOMEToJAMROC: we have no main
(89:50 / All) NotAlIOrcs: level 3 divine shield is ridiculous
(89:52 / All) TC)Turtle: bubble and run like a little bitch, the paladin way
(89:57 / All) DON-BON-WONG: what level did ur pally get. devotion aura hard to kill him if he had it
(90:01 / All) NotAlIOrcs: wow so neither of us can kill each other purp
(90:01 / All) TC)Turtle: 9
(90:12 / All) WELCOMEToJAMROC: u have a main
(90:16 / All) NotAlIOrcs: no we don't
(90:17 / All) DON-BON-WONG: cant believe 6/8 dstillhere
(90:27 / All) NotAlIOrcs: my whole team has 0 food
(90:29 / All) WELCOMEToJAMROC: u have units
(90:32 / All) NotAlIOrcs: and no mains, 0/0
(90:32 / All) DON-BON-WONG: just in time for monday night football
(90:32 / All) NotAlIOrcs: no
(90:40 / All) NotAlIOrcs: We have nothing
(90:44 / All) DON-BON-WONG: hehas no burrows look
(90:44 / All) TC)Turtle: we have nothing, we have towers and a few scrap buildings
(90:55 / All) TC)Turtle: so you guys cant make anything?
(91:05 / All) NotAlIOrcs: we can't make anything, can you guys?
(91:16 / All) DON-BON-WONG: negative. i guess ojs bm killed my hall/burrows when i was watching pregame
(91:27 / All) NotAlIOrcs: jesus christ I can't believe i let it die
(91:35 / All) TC)Turtle: damnit pink
(91:37 / All) TC)Turtle: lol
(91:38 / All) NotAlIOrcs: this is unbelievable
(91:44 / All) DON-BON-WONG: i didnt have my sh on hold. so ur towers brought it to low hp
(91:45 / All) NotAlIOrcs: like
(91:50 / All) NotAlIOrcs: what are the chances of this happening
(91:56 / All) NotAlIOrcs: never seen anything like it
(91:56 / All) TC)Turtle: how were you not watching
(92:01 / All) NotAlIOrcs: I was talking to purple
(92:04 / All) NotAlIOrcs: about martial arts
(92:08 / All) DON-BON-WONG: i just looked away a second
(92:22 / All) WELCOMEToJAMROC: im out
(92:27 / All) TC)Turtle: gg
(92:29 / All) NotAlIOrcs: why
(92:30 / All) DON-BON-WONG: well im gonna watch monday night football. hope u guys are still here. not let like we can hurt each others buildings
(92:32 / All) WELCOMEToJAMROC: not worth waiting for a win
(92:33 / All) NotAlIOrcs: it's up to who leaves last now
(92:35 / All) NotAlIOrcs: it's a standoff
(92:38 / All) NotAlIOrcs: you could be 3-1
(92:41 / All) TC)Turtle: im gonna go eat dinner.
(92:48 / All) NotAlIOrcs: man I guess I'l leave too, orange vs blue and green then
(92:54 / All) NotAlIOrcs: gl guys
(92:59 / All) DON-BON-WONG: its me and blue, vs red orange
(93:02 / All) DON-BON-WONG: Good luck
(93:17 / All) NotAlIOrcs: gg!!